[Event "AUT-ch Open 2020"]
[Site "Graz"]
[Date "2020.02.19"]
[Round "7.2"]
[White "Regez, Markus"]
[Black "Sandhoefner, Florian"]
[Result "1/2-1/2"]
[ECO "D01"]
[WhiteElo "2144"]
[BlackElo "2328"]
[Annotator "NA"]
[PlyCount "68"]
[EventDate "2020.02.14"]
[EventType "swiss"]
[EventCountry "AUT"]
[SourceTitle "playchess.com"]
[Source "ChessBase"]
[SourceQuality "1"]
[TimeControl "40/5400+30:1800+30"]

1. d4 d5 2. Nc3 Nf6 3. Bg5 Nbd7 4. e3 c6 5. f4 e6 6. Bd3 Be7 7. Nf3 c5 8. O-O O-O 9. Qe1 h6 10. Bxf6 Nxf6 11. Kh1 Qc7 12. Ne5 a6 13. g4 Nd7 14. Qg3 Nxe5 15. fxe5 Qd8 16. Rf3 b5 17. Rg1 Bh4 18. Qh3 c4 19. Bf1 Bg5 20. Ne2 f6 21. Qg3 fxe5 22. Rxf8+ Qxf8 23. h4 Be7 24. dxe5 Bd7 25. Nd4 Qf7 26. Bg2 Rf8 27. Bf3 g5 28. h5 c3 29. b3 Bc5 30. Kg2 Bxd4 31. exd4 Qh7 32. Rc1 Rf4 33. Qf2 b4 34. a4 Bc8 1/2-1/2

[Event "AUT-ch Open 2020"]
[Site "Graz"]
[Date "2020.02.19"]
[Round "7.3"]
[White "Niedbala, Bartlomiej"]
[Black "Bodrogi, Bendeguz"]
[Result "0-1"]
[ECO "A45"]
[WhiteElo "2432"]
[BlackElo "2032"]
[Annotator "NA"]
[PlyCount "74"]
[EventDate "2020.02.14"]
[EventType "swiss"]
[EventCountry "AUT"]
[SourceTitle "playchess.com"]
[Source "ChessBase"]
[SourceQuality "1"]
[TimeControl "40/5400+30:1800+30"]

1. d4 Nf6 2. Bg5 c5 3. Bxf6 gxf6 4. d5 d6 5. e3 Nd7 6. c4 f5 7. Nc3 Bg7 8. Bd3 Ne5 9. Nge2 Bd7 10. Ng3 Qa5 11. O-O Qb4 12. a3 Qxb2 13. Nge2 Qb6 14. Rb1 Qc7 15. Ng3 Nxc4 16. Bxc4 Bxc3 17. Qd3 Bf6 18. Nxf5 a6 19. a4 Bxa4 20. Qe4 Bd7 21. Be2 b5 22. Nh6 Bg7 23. Nf5 Bxf5 24. Qxf5 Qd7 25. Qh5 Bf6 26. Bg4 Qc7 27. Rfc1 Rb8 28. Be6 Rf8 29. Rb4 Qa5 30. Rg4 Qd2 31. Rf1 Kd8 32. Bxf7 c4 33. Qxh7 c3 34. Bg6 Rh8 35. Qf7 c2 36. Bxc2 Qxc2 37. Rf4 Qh7 0-1

[Event "AUT-ch Open 2020"]
[Site "Graz"]
[Date "2020.02.19"]
[Round "7.4"]
[White "Ohanyan, Emin"]
[Black "Valeanu, Eduard-Andrei"]
[Result "1-0"]
[ECO "B35"]
[WhiteElo "2209"]
[BlackElo "2427"]
[Annotator "NA"]
[PlyCount "91"]
[EventDate "2020.02.14"]
[EventType "swiss"]
[EventCountry "AUT"]
[SourceTitle "playchess.com"]
[Source "ChessBase"]
[SourceQuality "1"]
[TimeControl "40/5400+30:1800+30"]

1. e4 c5 2. Nf3 g6 3. d4 Bg7 4. Nc3 cxd4 5. Nxd4 Nc6 6. Be3 Nf6 7. Bc4 Qa5 8. O-O O-O 9. Bb3 d6 10. h3 Bd7 11. Nd5 Nxe4 12. Nxc6 bxc6 13. Nxe7+ Kh8 14. f3 Qe5 15. fxe4 Qxe7 16. Bd4 Rae8 17. Bxg7+ Kxg7 18. Qd4+ Qe5 19. Rad1 Re7 20. Qxd6 Bc8 21. Rf2 Qxe4 22. Qf6+ Kh6 23. Rf4 Qe3+ 24. Kh1 Re5 25. Rh4+ Rh5 26. Rxh5+ Kxh5 27. Qg7 Qh6 28. g4+ Kg5 29. Qe5+ f5 30. Kg2 Qh4 31. Qe7+ Rf6 32. Rd6 Kf4 33. Rd4+ Kg5 34. Rd6 Kf4 35. Rd4+ Kg5 36. Qe3+ f4 37. Qe5+ Kh6 38. Rxf4 Bf5 39. gxf5 Qg5+ 40. Kf2 gxf5 41. h4 Qg6 42. Qe3 Kg7 43. Qxa7+ Kh6 44. Qe7 Rd6 45. Qf8+ Kh5 46. Qxf5+ 1-0

[Event "AUT-ch Open 2020"]
[Site "Graz"]
[Date "2020.02.19"]
[Round "7.5"]
[White "Bauer, Thomas"]
[Black "Handler, Lukas"]
[Result "0-1"]
[ECO "C07"]
[WhiteElo "2201"]
[BlackElo "2422"]
[Annotator "NA"]
[PlyCount "84"]
[EventDate "2020.02.14"]
[EventType "swiss"]
[EventCountry "AUT"]
[SourceTitle "playchess.com"]
[Source "ChessBase"]
[SourceQuality "1"]
[TimeControl "40/5400+30:1800+30"]

1. e4 e6 2. d4 d5 3. Nd2 c5 4. exd5 Qxd5 5. Ngf3 cxd4 6. Bc4 Qd6 7. O-O Nf6 8. Nb3 Nc6 9. Nbxd4 Nxd4 10. Nxd4 a6 11. Re1 Qc7 12. Bf1 Bd7 13. g3 O-O-O 14. Qf3 e5 15. Nb3 Bd6 16. Bd2 Bc6 17. Qe2 Kb8 18. c4 Ne4 19. Na5 Nxd2 20. Nxc6+ Qxc6 21. Qxd2 Bc5 22. Qc2 Bd4 23. Bg2 Qc7 24. Re2 h5 25. a4 h4 26. Ra3 hxg3 27. hxg3 a5 28. Rb3 b6 29. Qe4 Ka7 30. Rf3 Rd7 31. b3 f6 32. Rd2 Rhd8 33. Rfd3 Qd6 34. Bf3 Qe7 35. Kg2 Qf7 36. Bg4 Rd6 37. Qh7 f5 38. Qxf5 Rf6 39. Qh7 Rxf2+ 40. Kh3 Rf6 41. Bh5 Rh6 42. Qxh6 Qf1+ 0-1

[Event "AUT-ch Open 2020"]
[Site "Graz"]
[Date "2020.02.19"]
[Round "7.6"]
[White "Baum, Jonasz"]
[Black "Burmakin, Vladimir"]
[Result "1/2-1/2"]
[ECO "D70"]
[WhiteElo "2514"]
[BlackElo "2514"]
[Annotator "ChessBase"]
[PlyCount "67"]
[EventDate "2020.02.14"]
[EventType "swiss"]
[EventCountry "AUT"]
[SourceTitle "playchess.com"]
[Source "ChessBase"]
[SourceQuality "1"]
[TimeControl "40/5400+30:1800+30"]

1. d4 Nf6 2. c4 c6 3. Nf3 d5 4. Nbd2 Bf5 5. Nh4 Be6 6. e3 g6 7. Bd3 Bg7 8. O-O O-O 9. b3 c5 10. Nhf3 cxd4 11. exd4 Nc6 12. Bb2 dxc4 13. bxc4 Nh5 14. Nb3 Nf4 15. Rc1 Nxd3 16. Qxd3 Nb4 17. Qe2 Nxa2 18. Ra1 Nb4 19. d5 Bxb2 20. Qxb2 Bc8 21. Qd2 Na6 22. Rfe1 Nc7 23. Nbd4 Ne8 24. Qh6 f6 25. Qe3 Rf7 26. Qb3 Bg4 27. Ne6 Qc8 28. Nfd4 Bxe6 29. dxe6 Rf8 30. Qb4 Ng7 31. Qxe7 Qxc4 32. Nf3 Rae8 33. Qxb7 Rxe6 34. Rxe6 1/2-1/2

[Event "AUT-ch Open 2020"]
[Site "Graz"]
[Date "2020.02.19"]
[Round "7.6"]
[White "Nomin-Erdene, Davaademberel"]
[Black "Advait, Bagri"]
[Result "1/2-1/2"]
[ECO "C86"]
[WhiteElo "2417"]
[BlackElo "2185"]
[Annotator "NA"]
[PlyCount "79"]
[EventDate "2020.02.14"]
[EventType "swiss"]
[EventCountry "AUT"]
[SourceTitle "playchess.com"]
[Source "ChessBase"]
[SourceQuality "1"]
[TimeControl "40/5400+30:1800+30"]

1. e4 e5 2. Nf3 Nc6 3. Bb5 a6 4. Ba4 Nf6 5. O-O Be7 6. Qe2 b5 7. Bb3 d6 8. c3 Bg4 9. Rd1 Na5 10. Bc2 c5 11. h3 Bd7 12. d4 Qc7 13. d5 O-O 14. Nbd2 c4 15. Nf1 Nb7 16. N3h2 g6 17. g4 h5 18. f4 hxg4 19. hxg4 exf4 20. Bxf4 Nh7 21. Ne3 Bg5 22. Qf3 Rae8 23. Kh1 Qd8 24. Rg1 Qe7 25. Nef1 Bxf4 26. Qxf4 Ng5 27. Ng3 Nc5 28. Rge1 Qe5 29. Qxe5 Rxe5 30. Rad1 Rfe8 31. Rd4 Kg7 32. Kg2 Rh8 33. Rf1 Rh4 34. Rf4 Nh3 35. Rf3 Ng5 36. Rf4 Nh3 37. Rf1 Ng5 38. Rf4 Nh3 39. Rf1 Ng5 40. Rf4 1/2-1/2

[Event "AUT-ch Open 2020"]
[Site "Graz"]
[Date "2020.02.19"]
[Round "7.7"]
[White "Socko, Monika"]
[Black "Schoppen, Casper"]
[Result "0-1"]
[ECO "A40"]
[WhiteElo "2419"]
[BlackElo "2489"]
[Annotator "ChessBase"]
[PlyCount "146"]
[EventDate "2020.02.14"]
[EventType "swiss"]
[EventCountry "AUT"]
[SourceTitle "playchess.com"]
[Source "ChessBase"]
[SourceQuality "1"]
[TimeControl "40/5400+30:1800+30"]

1. d4 Nf6 2. c4 e6 3. g3 d5 4. Nf3 Bb4+ 5. Nbd2 dxc4 6. Bg2 O-O 7. Qc2 a5 8. Qxc4 b6 9. a3 Be7 10. Ne5 Ra7 11. Ndf3 Ba6 12. Qc2 c5 13. dxc5 Bxc5 14. Bd2 Rc7 15. Qa4 Nbd7 16. Bf4 Qc8 17. O-O Bxe2 18. Nxd7 Qxd7 19. Qxd7 Rxd7 20. Rfe1 Bxf3 21. Bxf3 Nd5 22. Bd2 Bd4 23. Rab1 Rfd8 24. Rec1 e5 25. b4 axb4 26. axb4 f5 27. Be2 e4 28. Bb5 Rd6 29. Rc4 Bf6 30. Rbc1 Nc7 31. Rxc7 Rxd2 32. R1c2 Rxc2 33. Rxc2 Rd4 34. Bc4+ Kf8 35. b5 Rd1+ 36. Kg2 Bd4 37. Be2 Re1 38. Bf1 Bc5 39. h4 Ke7 40. Rd2 g6 41. Ra2 Kf6 42. Ra7 h6 43. Rh7 Bd4 44. Rd7 Bc5 45. Rh7 Rc1 46. Be2 Rc2 47. Kf1 Rc1+ 48. Kg2 Rc2 49. Kf1 h5 50. Rc7 g5 51. hxg5+ Kg6 52. Rc8 h4 53. gxh4 f4 54. f3 Rc1+ 55. Kg2 Rg1+ 56. Kh2 Re1 57. Rc6+ Kg7 58. Rc7+ Kg6 59. Rc6+ Kg7 60. Rc7+ Kf8 61. Bc4 Rc1 62. Rf7+ Ke8 63. Bd5 e3 64. Rf6 Rc2+ 65. Kh3 e2 66. Re6+ Kd7 67. g6 Be3 68. g7 e1=Q 69. Bc6+ Kc7 70. Re7+ Kd6 71. Re6+ Kc5 72. Re5+ Kb4 73. Re4+ Ka3 0-1

[Event "AUT-ch Open 2020"]
[Site "Graz"]
[Date "2020.02.19"]
[Round "7.7"]
[White "Bin-Suhayl, Ieysaa"]
[Black "Leisch, Lukas"]
[Result "1/2-1/2"]
[ECO "E05"]
[WhiteElo "2174"]
[BlackElo "2352"]
[Annotator "ChessBase"]
[PlyCount "129"]
[EventDate "2020.02.14"]
[EventType "swiss"]
[EventCountry "AUT"]
[SourceTitle "playchess.com"]
[Source "ChessBase"]
[SourceQuality "1"]
[TimeControl "40/5400+30:1800+30"]

1. Nf3 Nf6 2. c4 e6 3. g3 d5 4. Bg2 Be7 5. O-O O-O 6. d4 dxc4 7. Ne5 Nc6 8. Bxc6 bxc6 9. Nxc6 Qe8 10. Nxe7+ Qxe7 11. Qc2 e5 12. dxe5 Qxe5 13. Bf4 Qc5 14. Be3 Qc6 15. f3 Re8 16. Bd4 Bb7 17. Bxf6 Qxf6 18. e4 Rad8 19. Nc3 Qb6+ 20. Kg2 Rd3 21. Rad1 Red8 22. Rxd3 cxd3 23. Qf2 Qb4 24. a3 Qb3 25. Rd1 c5 26. Rd2 Qc4 27. Qe3 h6 28. Nd1 a5 29. Nf2 Ba6 30. h4 a4 31. g4 Qb5 32. g5 hxg5 33. hxg5 c4 34. Qf4 Qb8 35. e5 Qb6 36. Kg3 Qd4 37. Qxd4 Rxd4 38. Ne4 Bb7 39. Nd6 Bc6 40. Nf5 Rd7 41. Nd6 Bd5 42. f4 Rc7 43. Nb5 Rb7 44. Nc3 Bc6 45. Kf2 Kf8 46. Ke3 Rd7 47. f5 Ke7 48. Rf2 Rd8 49. Rf4 d2 50. Rxc4 Bb5 51. Rc7+ Ke8 52. Nd1 Rd3+ 53. Kf2 Rd5 54. f6 gxf6 55. gxf6 Rxe5 56. Re7+ Rxe7 57. fxe7 Bc4 58. Ke3 Bb3 59. Kxd2 Bxd1 60. Kxd1 Kxe7 61. Kc2 f5 62. b3 axb3+ 63. Kxb3 Kd6 64. Kc4 Kc6 65. Kd4 1/2-1/2

[Event "AUT-ch Open 2020"]
[Site "Graz"]
[Date "2020.02.19"]
[Round "7.8"]
[White "Santiago, Yago De Moura"]
[Black "Ioannidis, Evgenios"]
[Result "1/2-1/2"]
[ECO "A36"]
[WhiteElo "2488"]
[BlackElo "2399"]
[Annotator "ChessBase"]
[PlyCount "83"]
[EventDate "2020.02.14"]
[EventType "swiss"]
[EventCountry "AUT"]
[SourceTitle "playchess.com"]
[Source "ChessBase"]
[SourceQuality "1"]
[TimeControl "40/5400+30:1800+30"]

1. c4 c5 2. Nc3 Nc6 3. g3 g6 4. Bg2 Bg7 5. d3 d6 6. Qd2 f5 7. b3 Nf6 8. Bb2 O-O 9. e3 e5 10. Nge2 Ne7 11. d4 e4 12. O-O Be6 13. f3 exf3 14. Bxf3 Qc7 15. Nb5 Qb6 16. Nf4 Bf7 17. dxc5 dxc5 18. Qd6 Rad8 19. Qxb6 axb6 20. Rad1 g5 21. Bxf6 Bxf6 22. Nd5 Bxd5 23. Bxd5+ Kg7 24. Bxb7 Be5 25. Bd5 Rd7 26. Rd2 Rfd8 27. Rdf2 Nxd5 28. cxd5 Rxd5 29. Rxf5 Bf4 30. e4 Rxf5 31. exf5 Be5 32. g4 Kf6 33. Kg2 h5 34. gxh5 Rh8 35. h3 Rxh5 36. Na3 Bf4 37. Nc4 b5 38. Na3 b4 39. Nc4 Rh8 40. Nb6 Kxf5 41. Rf2 Rh6 42. Na4 1/2-1/2

[Event "AUT-ch Open 2020"]
[Site "Graz"]
[Date "2020.02.19"]
[Round "7.8"]
[White "Huber, Martin Christian"]
[Black "Hapala, Elisabeth"]
[Result "1-0"]
[ECO "A05"]
[WhiteElo "2340"]
[BlackElo "2170"]
[Annotator "NA"]
[PlyCount "67"]
[EventDate "2020.02.14"]
[EventType "swiss"]
[EventCountry "AUT"]
[SourceTitle "playchess.com"]
[Source "ChessBase"]
[SourceQuality "1"]
[TimeControl "40/5400+30:1800+30"]

1. Nf3 Nf6 2. g3 b5 3. Bg2 Bb7 4. Na3 a6 5. c4 b4 6. Nc2 e6 7. d4 Be7 8. O-O O-O 9. d5 exd5 10. Nh4 c6 11. cxd5 Nxd5 12. Nf5 a5 13. e4 Nc7 14. e5 Kh8 15. Re1 Nd5 16. Qg4 Rg8 17. Be4 g6 18. Nxe7 Qxe7 19. Bg5 h5 20. Qh4 Qe6 21. Ne3 Kg7 22. Rad1 Na6 23. Bg2 Nxe3 24. Bf6+ Kf8 25. Rxe3 Qg4 26. Qxg4 hxg4 27. Rxd7 Nc5 28. Be7+ Ke8 29. Rc7 Nd7 30. Rxb7 Kxe7 31. Bxc6 Rgd8 32. Rd3 Rac8 33. Rdxd7+ Rxd7 34. Bxd7 1-0

[Event "AUT-ch Open 2020"]
[Site "Graz"]
[Date "2020.02.19"]
[Round "7.9"]
[White "Soham Das"]
[Black "Simonetto, Andrea"]
[Result "1/2-1/2"]
[ECO "D02"]
[WhiteElo "2336"]
[BlackElo "2158"]
[Annotator "ChessBase"]
[PlyCount "149"]
[EventDate "2020.02.14"]
[EventType "swiss"]
[EventCountry "AUT"]
[SourceTitle "playchess.com"]
[Source "ChessBase"]
[SourceQuality "1"]
[TimeControl "40/5400+30:1800+30"]

1. d4 d5 2. Bf4 Nf6 3. e3 e6 4. Nd2 Bd6 5. Bg3 O-O 6. Ngf3 b6 7. Ne5 c5 8. c3 Qc7 9. f4 Nc6 10. Bd3 Bb7 11. Qf3 Ne8 12. Bf2 f6 13. Qh3 g6 14. Qxe6+ Kg7 15. Nxc6 Qxc6 16. Qh3 cxd4 17. cxd4 Bb4 18. Ke2 Bxd2 19. Kxd2 Qa4 20. b3 Qa5+ 21. Ke2 Ba6 22. Rhc1 Bxd3+ 23. Kxd3 Qb5+ 24. Kd2 f5 25. g4 fxg4 26. Qxg4 Nf6 27. Qe6 Rae8 28. Rc7+ Kh8 29. Qh3 h5 30. Qf1 Ne4+ 31. Kc2 Qa5 32. Be1 Qa3 33. Qb5 Rc8 34. Qd7 Rxc7+ 35. Qxc7 Qa6 36. Qe5+ Kh7 37. Qe7+ Kg8 38. Qe6+ Kg7 39. Qe7+ Rf7 40. Qe5+ Kh7 41. Kb2 Qe2+ 42. Ka3 Qxe3 43. Qxd5 Qxf4 44. Bg3 Nxg3 45. hxg3 Qc7 46. Re1 Rd7 47. Qe5 Qxe5 48. dxe5 Kg7 49. Kb4 Rd3 50. g4 hxg4 51. Kb5 Rd5+ 52. Kc6 Rd2 53. a4 Kf7 54. e6+ Ke7 55. Kb7 Rd3 56. b4 Ra3 57. Kxa7 Rxa4+ 58. Kxb6 Rxb4+ 59. Kc5 Ra4 60. Kd5 g3 61. Rg1 Rg4 62. Rg2 Kf6 63. Kd6 Rd4+ 64. Kc5 Rd3 65. Re2 Ke7 66. Re4 g5 67. Re5 Ra3 68. Kb4 Rf3 69. Rxg5 Kxe6 70. Kc4 Kf6 71. Rg8 Kf5 72. Kd4 Rf4+ 73. Ke3 Rg4 74. Rf8+ Kg5 75. Rg8+ 1/2-1/2

[Event "AUT-ch Open 2020"]
[Site "Graz"]
[Date "2020.02.19"]
[Round "7.9"]
[White "Dimitrov, Vladimir"]
[Black "Froewis, Georg"]
[Result "1/2-1/2"]
[ECO "D31"]
[WhiteElo "2285"]
[BlackElo "2461"]
[Annotator "ChessBase"]
[PlyCount "94"]
[EventDate "2020.02.14"]
[EventType "swiss"]
[EventCountry "AUT"]
[SourceTitle "playchess.com"]
[Source "ChessBase"]
[SourceQuality "1"]
[TimeControl "40/5400+30:1800+30"]

1. d4 d5 2. c4 e6 3. Nc3 a6 4. cxd5 exd5 5. Nf3 Nf6 6. Bg5 Be6 7. e3 Nbd7 8. Bd3 Bd6 9. O-O O-O 10. h3 c6 11. Bf4 Qb8 12. Bxd6 Qxd6 13. Qc2 Rfe8 14. Rfe1 Nf8 15. Na4 Rad8 16. Nc5 Bc8 17. b4 Ne4 18. Bxe4 dxe4 19. Nxe4 Qxb4 20. Nc5 Qa5 21. Rab1 b6 22. Na4 Qh5 23. Ne5 c5 24. Nxb6 cxd4 25. exd4 Bf5 26. Qd1 Qh6 27. Rb3 Qd6 28. Qf3 Be6 29. d5 Bxd5 30. Qxd5 Qxd5 31. Nxd5 Rxd5 32. Nf3 Rxe1+ 33. Nxe1 g6 34. Nd3 Ne6 35. Nb4 Rd1+ 36. Kh2 a5 37. Nc6 a4 38. Rb4 Rd6 39. Ne5 Rd4 40. Rb7 Rd2 41. Nxf7 Rxa2 42. Nh6+ Kf8 43. Rxh7 Rxf2 44. Ra7 Ra2 45. Ng4 g5 46. Nf6 Nf4 47. Rd7 Rxg2+ 1/2-1/2

[Event "AUT-ch Open 2020"]
[Site "Graz"]
[Date "2020.02.19"]
[Round "7.10"]
[White "Gavrilescu, David"]
[Black "Megalios, Konstantinos"]
[Result "1-0"]
[ECO "C60"]
[WhiteElo "2455"]
[BlackElo "2455"]
[Annotator "ChessBase"]
[PlyCount "53"]
[EventDate "2020.02.14"]
[EventType "swiss"]
[EventCountry "AUT"]
[SourceTitle "playchess.com"]
[Source "ChessBase"]
[SourceQuality "1"]
[TimeControl "40/5400+30:1800+30"]

1. e4 e5 2. Nf3 Nc6 3. Bb5 g6 4. c3 a6 5. Ba4 Bg7 6. d4 exd4 7. cxd4 b5 8. Bb3 Nge7 9. d5 Na5 10. Bd2 Nxb3 11. Qxb3 c5 12. Bc3 f6 13. d6 Nc6 14. Qd5 Qb6 15. Ng5 Nd8 16. Qxa8 Bb7 17. Qb8 b4 18. Nf3 bxc3 19. Nxc3 Qxb2 20. O-O Qxc3 21. Rab1 O-O 22. Rxb7 Nxb7 23. Qxb7 Qd3 24. Qxd7 Qxe4 25. Re1 Qd5 26. h4 f5 27. Ng5 1-0

[Event "AUT-ch Open 2020"]
[Site "Graz"]
[Date "2020.02.19"]
[Round "7.10"]
[White "Klings, Peter"]
[Black "Rathnakaran, K.."]
[Result "1-0"]
[ECO "A42"]
[WhiteElo "2154"]
[BlackElo "2334"]
[Annotator "NA"]
[PlyCount "75"]
[EventDate "2020.02.14"]
[EventType "swiss"]
[EventCountry "AUT"]
[SourceTitle "playchess.com"]
[Source "ChessBase"]
[SourceQuality "1"]
[TimeControl "40/5400+30:1800+30"]

1. Nf3 g6 2. d4 Bg7 3. c4 d6 4. Nc3 Nd7 5. e4 e5 6. Be2 Ne7 7. h4 h6 8. h5 g5 9. d5 f5 10. Nd2 Nf6 11. f3 f4 12. b4 O-O 13. c5 c6 14. cxd6 Nexd5 15. exd5 cxd5 16. Qb3 Kh8 17. b5 e4 18. Qb4 exf3 19. Nxf3 Qe8 20. Bb2 g4 21. Nh4 Qe3 22. Ng6+ Kg8 23. Qxf4 Qxf4 24. Nxf4 Ne4 25. Nfxd5 Ng3 26. Ne7+ Kf7 27. O-O-O Nxh1 28. Bc4+ Be6 29. Rf1+ Ke8 30. Rxf8+ Bxf8 31. Bxe6 Bxe7 32. dxe7 Kxe7 33. Bxg4 Rg8 34. Bf3 b6 35. Ne4 Ng3 36. Ba3+ Kf7 37. Nxg3 Rxg3 38. Bd6 1-0

[Event "AUT-ch Open 2020"]
[Site "Graz"]
[Date "2020.02.19"]
[Round "7.11"]
[White "Janzelj, Tim"]
[Black "Giannoulakis, Lampros"]
[Result "1-0"]
[ECO "B51"]
[WhiteElo "2451"]
[BlackElo "2266"]
[Annotator "ChessBase"]
[PlyCount "83"]
[EventDate "2020.02.14"]
[EventType "swiss"]
[EventCountry "AUT"]
[SourceTitle "playchess.com"]
[Source "ChessBase"]
[SourceQuality "1"]
[TimeControl "40/5400+30:1800+30"]

1. e4 c5 2. Nf3 d6 3. Bb5+ Nd7 4. c3 Ngf6 5. Qe2 a6 6. Ba4 b5 7. Bc2 e5 8. d4 Be7 9. O-O O-O 10. Rd1 Qc7 11. h3 Re8 12. a4 Rb8 13. dxe5 dxe5 14. b3 Nf8 15. axb5 axb5 16. Na3 b4 17. Nc4 Ng6 18. cxb4 cxb4 19. Be3 Be6 20. Ra7 Bxc4 21. bxc4 Rb7 22. Rxb7 Qxb7 23. c5 b3 24. Rb1 Bxc5 25. Rxb3 Qa7 26. Bxc5 Qxc5 27. g3 Rc8 28. Bd3 h6 29. Rb5 Qc3 30. Kh2 Nd7 31. Bb1 Nc5 32. Ba2 Nf8 33. Kg2 Nfd7 34. Nh4 Nf6 35. Nf5 Rd8 36. Ne7+ Kf8 37. Nd5 Nxd5 38. Bxd5 g6 39. Rb6 Kg7 40. Rc6 Qd4 41. Qf3 f5 42. Rxg6+ 1-0

[Event "AUT-ch Open 2020"]
[Site "Graz"]
[Date "2020.02.19"]
[Round "7.11"]
[White "Buonanno, Raffaele"]
[Black "Zadruzny, Nicolaj"]
[Result "1/2-1/2"]
[ECO "E04"]
[WhiteElo "2151"]
[BlackElo "2334"]
[Annotator "NA"]
[PlyCount "62"]
[EventDate "2020.02.14"]
[EventType "swiss"]
[EventCountry "AUT"]
[SourceTitle "playchess.com"]
[Source "ChessBase"]
[SourceQuality "1"]
[TimeControl "40/5400+30:1800+30"]

1. d4 Nf6 2. c4 e6 3. g3 d5 4. Bg2 dxc4 5. Nf3 a6 6. a4 Nc6 7. O-O Rb8 8. Nc3 Nd5 9. e4 Nxc3 10. bxc3 Na5 11. Ne5 Nb3 12. Rb1 Bd7 13. Qh5 g6 14. Qf3 f6 15. Nxd7 Qxd7 16. Qxf6 Bg7 17. Qf3 Qf7 18. Qe2 e5 19. d5 b5 20. axb5 axb5 21. Bh3 Qe7 22. Be6 Rb6 23. Rd1 Nxc1 24. Rdxc1 Bh6 25. Rf1 Kf8 26. f4 exf4 27. gxf4 Kg7 28. f5 Rf8 29. fxg6 hxg6 30. Rxf8 Kxf8 31. Rf1+ Ke8 1/2-1/2

[Event "AUT-ch Open 2020"]
[Site "Graz"]
[Date "2020.02.19"]
[Round "7.12"]
[White "Konyves, Almos"]
[Black "Molnar, Bela"]
[Result "0-1"]
[ECO "B40"]
[WhiteElo "2031"]
[BlackElo "2312"]
[Annotator "NA"]
[PlyCount "90"]
[EventDate "2020.02.14"]
[EventType "swiss"]
[EventCountry "AUT"]
[SourceTitle "playchess.com"]
[Source "ChessBase"]
[SourceQuality "1"]
[TimeControl "40/5400+30:1800+30"]

1. e4 c5 2. Nf3 Nc6 3. Nc3 e6 4. Be2 a6 5. a4 Nf6 6. O-O Qc7 7. Re1 d6 8. d3 Rb8 9. Bf1 b5 10. axb5 axb5 11. h3 Be7 12. Bf4 b4 13. Nb1 e5 14. Bh2 O-O 15. Nbd2 h6 16. Nc4 Be6 17. Nfd2 Ra8 18. c3 Nd7 19. Ne3 bxc3 20. bxc3 Bg5 21. Ndc4 g6 22. g3 h5 23. f4 Bh6 24. f5 Bxc4 25. Nxc4 Nb6 26. Qb3 Nxc4 27. Qxc4 Na5 28. Qa2 Kg7 29. c4 Ra7 30. g4 hxg4 31. hxg4 Nc6 32. Qf2 Bg5 33. Bg3 Nd4 34. Bg2 Rfa8 35. Rxa7 Qxa7 36. fxg6 f6 37. Bh4 Bf4 38. Bg3 Qa2 39. Bxf4 Qxf2+ 40. Kxf2 exf4 41. Rb1 Ra2+ 42. Kg1 f3 43. Bf1 Kxg6 44. Rb6 Kg5 45. Rxd6 Kf4 0-1

[Event "AUT-ch Open 2020"]
[Site "Graz"]
[Date "2020.02.19"]
[Round "7.13"]
[White "Dragnev, Valentin"]
[Black "Drnovsek, Gal"]
[Result "1-0"]
[ECO "B91"]
[WhiteElo "2549"]
[BlackElo "2549"]
[Annotator "ChessBase"]
[PlyCount "73"]
[EventDate "2020.02.14"]
[EventType "swiss"]
[EventCountry "AUT"]
[SourceTitle "playchess.com"]
[Source "ChessBase"]
[SourceQuality "1"]
[TimeControl "40/5400+30:1800+30"]

1. e4 c5 2. Nf3 d6 3. d4 cxd4 4. Nxd4 Nf6 5. Nc3 a6 6. g3 e5 7. Nde2 Be7 8. Bg2 O-O 9. O-O Nbd7 10. a4 b6 11. Nd5 Bb7 12. Nec3 Nxd5 13. Nxd5 Nf6 14. Nxe7+ Qxe7 15. Qd3 Rfd8 16. Be3 Nd7 17. b4 d5 18. exd5 Qxb4 19. Rfb1 Qd6 20. c4 a5 21. Bh3 Nc5 22. Qa3 Ba6 23. Bf1 Rac8 24. Rb2 Rc7 25. Rab1 Rb8 26. f4 f6 27. fxe5 fxe5 28. Rf2 Rf8 29. Rxf8+ Kxf8 30. Qb2 Rb7 31. Qf2+ Kg8 32. Bh3 Nxa4 33. Be6+ Kh8 34. Bc8 Ra7 35. Bxb6 Ra8 36. Bxa6 Rxa6 37. Bc7 1-0

[Event "AUT-ch Open 2020"]
[Site "Graz"]
[Date "2020.02.19"]
[Round "7.13"]
[White "Nisavic, Uros"]
[Black "Milikow, Yoav"]
[Result "0-1"]
[ECO "D85"]
[WhiteElo "2020"]
[BlackElo "2296"]
[Annotator "NA"]
[PlyCount "86"]
[EventDate "2020.02.14"]
[EventType "swiss"]
[EventCountry "AUT"]
[SourceTitle "playchess.com"]
[Source "ChessBase"]
[SourceQuality "1"]
[TimeControl "40/5400+30:1800+30"]

1. d4 Nf6 2. c4 g6 3. Nc3 d5 4. cxd5 Nxd5 5. e4 Nxc3 6. bxc3 Bg7 7. Nf3 c5 8. Be3 Qa5 9. Qd2 O-O 10. Rc1 cxd4 11. cxd4 Qxd2+ 12. Bxd2 e6 13. Be3 Nc6 14. Be2 Rd8 15. Rc4 f5 16. e5 h6 17. h4 Ne7 18. O-O Nd5 19. Bd2 Bd7 20. Rcc1 Bf8 21. Bc4 Bc6 22. Rb1 Rac8 23. Rfc1 Kf7 24. Bb3 Ne7 25. Be3 b6 26. Rd1 Rc7 27. Rbc1 Rdc8 28. Ne1 Nd5 29. Bd2 a5 30. Rb1 Ne7 31. Nd3 a4 32. Bc4 Nd5 33. Bxd5 Bxd5 34. Nb4 Be4 35. Rb2 Rc4 36. d5 Rd4 37. d6 Bg7 38. f4 g5 39. Rc1 Rxc1+ 40. Bxc1 Rd1+ 41. Kh2 Rxc1 42. Rd2 Rc8 43. g3 Rc1 0-1

[Event "AUT-ch Open 2020"]
[Site "Graz"]
[Date "2020.02.19"]
[Round "7.14"]
[White "Matt, Fabian"]
[Black "Froewis, Annika"]
[Result "1-0"]
[ECO "D45"]
[WhiteElo "2290"]
[BlackElo "2121"]
[Annotator "NA"]
[PlyCount "55"]
[EventDate "2020.02.14"]
[EventType "swiss"]
[EventCountry "AUT"]
[SourceTitle "playchess.com"]
[Source "ChessBase"]
[SourceQuality "1"]
[TimeControl "40/5400+30:1800+30"]

1. c4 e6 2. d4 d5 3. Nc3 Nf6 4. Nf3 c6 5. e3 Nbd7 6. Qc2 b6 7. cxd5 exd5 8. Bd3 Bb7 9. Ne5 Nxe5 10. dxe5 Nd7 11. f4 Nc5 12. Be2 d4 13. exd4 Qxd4 14. Bd2 O-O-O 15. O-O-O Nd3+ 16. Kb1 Kb8 17. Bc1 Ba6 18. Rhf1 c5 19. Rf3 c4 20. Qa4 Kb7 21. Rfxd3 cxd3 22. Bf3+ Kb8 23. Qxa6 Qd7 24. Nb5 Bb4 25. Be3 Bc5 26. Bxc5 bxc5 27. Bc6 Qe7 28. Nd6 1-0

[Event "AUT-ch Open 2020"]
[Site "Graz"]
[Date "2020.02.19"]
[Round "7.15"]
[White "Lodici, Lorenzo"]
[Black "Banzea, Alexandru-Bogdan"]
[Result "1-0"]
[ECO "A45"]
[WhiteElo "2492"]
[BlackElo "2368"]
[Annotator "ChessBase"]
[PlyCount "65"]
[EventDate "2020.02.14"]
[EventType "swiss"]
[EventCountry "AUT"]
[SourceTitle "playchess.com"]
[Source "ChessBase"]
[SourceQuality "1"]
[TimeControl "40/5400+30:1800+30"]

1. d4 Nf6 2. Bf4 g6 3. Nc3 d5 4. h4 Bg7 5. e3 c6 6. Be2 h5 7. Nf3 Bf5 8. Qd2 a5 9. Ng5 b5 10. f3 Na6 11. e4 Bc8 12. e5 Nh7 13. Nd1 Nxg5 14. hxg5 Nc7 15. Nf2 Ne6 16. Be3 Qb6 17. c3 Ba6 18. Nd3 b4 19. Kf2 Rb8 20. f4 Kd7 21. g4 hxg4 22. Bxg4 Bxd3 23. Qxd3 bxc3 24. bxc3 Qb5 25. Qxb5 cxb5 26. Rxh8 Rxh8 27. a4 Kc6 28. Bxe6 fxe6 29. axb5+ Kxb5 30. Ke2 Kc4 31. Rxa5 Rh2+ 32. Bf2 Kxc3 33. Rc5+ 1-0

[Event "AUT-ch Open 2020"]
[Site "Graz"]
[Date "2020.02.19"]
[Round "7.15"]
[White "Murray, David"]
[Black "Welling, Gerard"]
[Result "1/2-1/2"]
[ECO "B06"]
[WhiteElo "2145"]
[BlackElo "2286"]
[Annotator "NA"]
[PlyCount "26"]
[EventDate "2020.02.14"]
[EventType "swiss"]
[EventCountry "AUT"]
[SourceTitle "playchess.com"]
[Source "ChessBase"]
[SourceQuality "1"]
[TimeControl "40/5400+30:1800+30"]

1. e4 g6 2. d4 Bg7 3. c3 d6 4. Bd3 e5 5. dxe5 dxe5 6. Nf3 Nd7 7. O-O Ngf6 8. Qe2 O-O 9. Rd1 Nh5 10. Bg5 Bf6 11. Bh6 Bg7 12. Bg5 Bf6 13. Bh6 Bg7 1/2-1/2